 Dungeon Crawl Stone Soup version 0.27-a0-550-ge92ec0ca06 (webtiles) character file.

Game seed: 8581251560659343275

147 gruber the Skirmisher (level 5, -3/57 HPs)
             Began as an Ogre Warper on Mar 7, 2021.
             Slain by an ogre
             ... wielding a +0 giant club
              (9 damage)
             ... on level 4 of the Dungeon.
             The game lasted 00:02:09 (3186 turns).

gruber the Skirmisher (Ogre Warper)                 Turns: 3186, Time: 00:02:10

Health: -3/57      AC:  3    Str: 22    XL:     5   Next: 29%
Magic:  8/8        EV:  9    Int: 14    God:
Gold:   204        SH:  0    Dex:  8    Spells: 3/8 levels left

rFire    . . .     SeeInvis .   a - +0 mace
rCold    . . .     Faith    .   (no shield)
rNeg     . . .     Spirit   .   b - +0 robe
rPois    .         Reflect  .   (helmet restricted)
rElec    .         Harm     .   (no cloak)
rCorr    .         Rampage  .   (gloves unavailable)
Will     .....                  (boots unavailable)
Stlth    +.........             n - amulet of regeneration
HPRegen  1.19/turn              r - +6 ring of strength
MPRegen  0.11/turn              w - +4 ring of slaying

@: no status effects
A: large, unfitting armour, tough skin 1
a: no special abilities


You were on level 4 of the Dungeon.
You visited 1 branch of the dungeon, and saw 4 of its levels.

You collected 204 gold pieces.

Inventory:

Hand Weapons
 a - a +0 mace (weapon)
Missiles
 e - 5 boomerangs of dispersal (quivered)
 s - 5 curare-tipped darts
Armour
 b - a +0 robe (worn)
Jewellery
 h - a ring of fire
 n - an amulet of regeneration (around neck)
 r - a +6 ring of strength (left hand)
 w - a +4 ring of slaying (right hand)
Scrolls
 c - 2 scrolls of amnesia {unknown}
 d - a scroll of blinking
 f - a scroll of fear {unknown}
 j - a scroll of teleportation {unknown}
 k - 2 scrolls of immolation {unknown}
 o - a scroll of identify {unknown}
 p - 4 scrolls of fog {unknown}
 q - a scroll of noise {unknown}
 t - a scroll of enchant weapon {unknown}
 u - 4 scrolls of enchant armour {unknown}
Potions
 g - a potion of cancellation {unknown}
 i - a potion of heal wounds {unknown}
 l - a potion of berserk rage {unknown}
 m - a potion of flight {unknown}
 v - a potion of curing {unknown}


   Skills:
 - Level 5.0 Fighting
 + Level 3.8 Maces & Flails
 - Level 1.0 Throwing
 - Level 2.1 Dodging
 - Level 2.4 Spellcasting
 - Level 2.6 Translocations


You had 3 spell levels left.
You knew the following spells:

 Your Spells              Type           Power      Damage    Failure   Level
a - Blink                 Tloc           N/A        N/A       12%         2
b - Teleport Other        Tloc           9%         N/A       22%         3

Your spell library contained the following spells:

 Spells                   Type           Power      Damage    Failure   Level
 Gell's Gravitas          Tloc           4%         N/A       22%         3
 Lesser Beckoning         Tloc           4%         N/A       22%         3
 Manifold Assault         Tloc           9%         N/A       58%         4


Dungeon Overview and Level Annotations

Branches:
Dungeon (4/15)
 Temple: D:4-7

Altars:


Innate Abilities, Weirdness & Mutations

You are too large for most types of armour.
You have tough skin. (AC +1)


Message History

The dart slug bites you.
A dart slug is nearby!
You sock the dart slug!
You kill the dart slug!
You see here a dart slug corpse.
Found a mace.
No target in view!
An adder comes into view.
An adder is nearby!
You thump the adder!
You kill the adder!
An ogre comes into view. It is wielding a +0 giant club.
The ogre shouts!
An ogre is nearby!
An ogre is nearby!
The ogre hits you with a +0 giant club!
You hit the ogre.
The ogre is lightly wounded.
The ogre barely misses you.
An ogre is nearby!
You hit the ogre.
The ogre is moderately wounded.
The ogre hits you with a +0 giant club.
Unknown command.
You hit the ogre.
The ogre is heavily wounded.
The ogre barely misses you.
You hit the ogre.
The ogre is heavily wounded.
The ogre hits you with a +0 giant club!!
* * * LOW HITPOINT WARNING * * *
You are too injured to fight recklessly!
You hit the ogre.
The ogre is severely wounded.
You completely miss the ogre.
The ogre is severely wounded.
The ogre hits you with a +0 giant club!
* * * LOW HITPOINT WARNING * * *
The ogre hits you with a +0 giant club!
You die...

#..# # #..# .#
.#####..###..#.
............... ##.#
#..# ...# #..# ..)
#..####### ..# #.#
#.O....... #.# #.#
##@####### #.# #.# #.#
###.#######.####.###.#
.(.<...........†.....#
########.........#####
######.##.#...##
#......)....†..#
#..####.####...# #.#
##.##


You could see an ogre.

Vanquished Creatures
  A howler monkey skeleton (D:3)
  6 adders
  An ooze (D:1)
  2 worms (D:3)
  2 dart slugs
  A leopard gecko (D:1)
  2 orcs (D:3)
  3 giant cockroaches
  8 goblins
  8 hobgoblins
  3 jackals (D:2)
  A ball python (D:3)
  9 bats
  7 frilled lizards
  11 kobolds
  3 rats
68 creatures vanquished.

Notes
Turn   | Place    | Note
-------+----------+-------------------------------------------
     0 | D:1      | gruber the Ogre Warper began the quest for the Orb.
     0 | D:1      | Reached XP level 1. HP: 22/22 MP: 3/3
    64 | D:1      | Reached skill level 3 in Fighting
   138 | D:1      | Reached XP level 2. HP: 27/31 MP: 5/5
   217 | D:1      | Learned a level 2 spell: Blink
  1219 | D:1      | Reached XP level 3. HP: 37/39 MP: 6/6
  1443 | D:2      | Reached skill level 4 in Fighting
  2066 | D:2      | Reached XP level 4. HP: 47/49 MP: 7/7
  2188 | D:3      | Learned a level 3 spell: Teleport Other
  2364 | D:3      | Reached skill level 5 in Fighting
  2834 | D:3      | Reached XP level 5. HP: 57/57 MP: 8/8
  3173 | D:4      | Noticed an ogre
  3182 | D:4      | HP: 2/57 [ogre/+0 giant club (17)]
  3186 | D:4      | Slain by an ogre

Illustrated notes

Levels and vault maps discovered:
D:1:      amcnicky_arrival_blooded_trapdoor, layout_basic
D:2:      layout_basic
D:3:      layout_loops_corners, minmay_ruptured
D:4:      layout_loops_ring, serial_shops, shop, shop, nicolae_shop_stone,
          nicolae_shop_temple_entry_statues_fountains, uniq_blork_the_orc

Skill      XL: |  1  2  3  4 |
---------------+-------------+-----
Fighting       | 3 4 5 |  5.0
Maces & Flails | 2 3 |  3.8
Throwing       | |  1.0
Dodging        | |  2.1
Spellcasting   | |  2.4
Translocations | |  2.6

Action                   |  1- 3 |  4- 6 || total
-------------------------+-------+-------++-------
Melee: Mace              |   126 |   114 ||   240
 Stab: Sleeping          |       |     1 ||     1
Armor: Robe              |    52 |    24 ||    76
Dodge: Dodged            |    85 |    49 ||   134

Table legend: (Time is in decaauts)
 A = Elapsed time spent in this place.
 B = Non-inter-level travel time spent in this place.
 C = Inter-level travel time spent in this place.
 D = Time resting spent in this place.
 E = Time spent auto-exploring this place.
 F = Levels seen in this place.
 G = Mean time per level.
                   A        B        C        D        E       F      G
               +--------+--------+--------+--------+--------+-----+--------+
         Total |   3250 |   3177 |     73 |      0 |   2598 |   4 |  812.5 |
       Dungeon |   3250 |   3177 |     73 |      0 |   2598 |   4 |  812.5 |
               +--------+--------+--------+--------+--------+-----+--------+

Top non-repeatable levels by time:
     D:1: 1458 daAuts
     D:3: 984 daAuts
     D:2: 762 daAuts
     D:4: 45 daAuts
